 Dungeon Crawl Stone Soup version 0.28.0-53-g5a82cb258f (webtiles) character file.

Game seed: 3077408866789863777

0 safid the Digger (level 1, 0/10 HPs)
             Began as a Gargoyle Earth Elementalist on Aug 30, 2022.
             Frozen to death by an endoplasm (5 damage)
             ... on level 1 of the Dungeon.
             The game lasted 00:00:19 (39 turns).

safid the Digger (Gargoyle Earth Elementalist)        Turns: 39, Time: 00:00:19

Health: 0/10       AC:  4    Str: 11    XL:     1   Next: 10%
Magic:  1/3        EV: 11    Int: 15    God:
Gold:   0          SH:  0    Dex: 10    Spells: 3/4 levels left

rFire   . . .      SeeInvis .   a - +0 dagger
rCold   . . .      Faith    .   (no shield)
rNeg    + . .      Spirit   .   b - +0 robe
rPois   ∞          Reflect  .   (no helmet)
rElec   +          Harm     .   (no cloak)
rCorr   .          Rampage  .   (no gloves)
Will    .....                   (no boots)
Stlth   ++........              (no amulet)
HPRegen 0.03/turn               (no ring)
MPRegen 0.08/turn               (no ring)

@: very slightly contaminated
A: sickness immunity, AC +2, negative energy resistance 1, electricity
resistance, torment resistance 1, petrification resistance
a: no special abilities


You were on level 1 of the Dungeon.
You visited 1 branch of the dungeon, and saw 1 of its levels.

Inventory:

Hand Weapons
 a - a +0 dagger (weapon)
Missiles
 c - 29 stones
Armour
 b - a +0 robe (worn)


   Skills:
 + Level 0.0 Fighting
 + Level 1.5 Dodging
 - Level 2.1 Stealth
 + Level 2.0 Spellcasting
 + Level 0.7 Transmutations
 + Level 3.6 Earth Magic


You had 3 spell levels left.
You knew the following spells:

 Your Spells              Type           Power      Damage    Failure   Level
a - Sandblast             Erth           24%        2d8       4%          1

Your spell library contained the following spells:

 Spells                   Type           Power      Damage    Failure   Level
 Passwall                 Tmut/Erth      6%         N/A       14%         2
 Stone Arrow              Conj/Erth      12%        3d7       32%         3
 Petrify                  Tmut/Erth      8%         N/A       65%         4


Dungeon Overview and Level Annotations

Branches:
Dungeon (1/15)

Altars:


Innate Abilities, Weirdness & Mutations

You are immune to sickness and miasma.
Your stone body is resilient. (AC +2)
You are immune to poison.
You resist negative energy. (rN+)
You are resistant to electric shocks. (rElec)
You are resistant to unholy torment.
You are immune to petrification.


Message History

You see here a +0 dagger.
a - a +0 dagger
a - a +0 dagger (weapon)
An endoplasm and a kobold come into view.
The kobold shouts!
The endoplasm quivers.
Casting: Sandblast (safe; 4% risk of failure)
Confirm with . or Enter, or press ? or * to list all spells.
Aiming: Sandblast (safe; 4% risk of failure)
Press: ? - help, Shift-Dir - straight line, f - kobold
Aim: a kobold, wielding a +0 club and quivering stones (74% to hit)
The blast of sand hits the kobold!
You kill the kobold!
Unknown command.
Things that are here:
a +0 club; 5 stones; a kobold corpse You hit the endoplasm.
The endoplasm is moderately wounded.
The endoplasm closely misses you.
You hit the endoplasm but do no damage.
The endoplasm is moderately wounded.
The endoplasm hits you but does no damage.
You hit the endoplasm but do no damage.
The endoplasm is moderately wounded.
The endoplasm freezes you.
You are frozen.
Ouch! That really hurt!
You are too injured to fight recklessly!
Casting: Sandblast (safe; 4% risk of failure)
Confirm with . or Enter, or press ? or * to list all spells.
Aiming: Sandblast (safe; 4% risk of failure)
Press: ? - help, Shift-Dir - straight line, f - endoplasm
Aim: an endoplasm (moderately wounded, 98% to hit)
You miscast Sandblast.
You are very lightly contaminated with residual magic.
Nothing appears to happen.
The endoplasm freezes you.
You are frozen.
Ouch! That really hurt!
You die...

............########
...#........#
#........#
###......#
#.######...#
...........#
#.######...#
#.#######..####
#.....J@.?....#
........#..##.#
......#.#.......
......#.#.###.###
..... ....# # .....
#.### .... #.# ....
#.#


You could see an endoplasm.

Vanquished Creatures
  A kobold (D:1)
1 creature vanquished.

Notes
Turn   | Place    | Note
-------+----------+-------------------------------------------
     0 | D:1      | safid the Gargoyle Earth Elementalist began the quest for
                  | the Orb.
     0 | D:1      | Reached XP level 1. HP: 10/10 MP: 3/3
    39 | D:1      | Frozen to death by an endoplasm

Illustrated notes

Levels and vault maps discovered:
D:1:      minmay_arrival_cross, layout_loops_ring,
          ebering_ecumenical_altar_webs, minmay_pentomino_w4

Action                   || total
-------------------------++-------
Melee: Dagger            ||     3
 Cast: Sandblast         ||     1
Armor: Robe              ||     1
Dodge: Dodged            ||     1
